Map: Whirlwind LE (Void)

Players

Musumeci

  • Race: Zerg Zerg
  • League: Diamond
  • Spawn Location: 5:00

momo - Winner!

  • Race: Protoss Protoss
  • League: Diamond
  • Spawn Location: 11:00

VOD

Have the link to the VOD?

Description

Time

  • Played on: Dec. 27, 2016, 9:18 a.m.
  • Length: 13:35
Show
View Real Time Build Order
Export as new Build Order

Musumeci Zerg 

Build Orders: Hatch First 

Get SALT Encoding   

  12  0:07  Drone  
  13  0:14  Drone  
  13  0:15  Drone, Extractor  
  15  0:40  Hatchery  
  14  0:45  Extractor  
  14  0:46  Drone  
  15  1:04  Spawning Pool  
  14  1:12  Drone, Extractor  
  14  1:14  Extractor  
  14  1:15  Drone  
  16  1:37  Overlord  
  16  1:52  Drone x3  
  16  1:54  Drone  
  20  1:55  Queen  
  20  1:58  Queen  
  24  2:06  Drone  
  24  2:07  Drone, Extractor  
  26  2:16  Drone x2  
  26  2:22  Extractor  
  27  2:24  Drone  
  27  2:28  Overlord  
  28  2:46  Drone  
  28  2:48  Drone x2  
  31  2:53  Zergling x2  
  32  3:09  Zergling x4  
  32  3:11  Drone x2  
  36  3:19  Overlord  
  36  3:33  Hatchery  
  36  3:34  Drone x2  
  36  3:40  Drone x4  
  36  3:41  Drone x4  
  44  3:43  Overlord  
  44  3:44  Overlord  
  44  3:50  Metabolic Boost  
  44  4:03  Extractor  
  44  4:05  Lair  
  44  4:06  Zergling x8  
  48  4:19  Zergling x2  
  48  4:20  Zergling x4  
  51  4:31  Extractor  
  51  4:34  Roach Warren  
  51  4:35  Evolution Chamber  
  48  4:50  Drone x3  
  48  4:51  Extractor  
  48  4:52  Drone x2, Extractor  
  51  4:53  Drone, Overlord  
  51  4:54  Overlord  
  52  5:00  Zerg Melee Weapons Level 1  
  52  5:02  Drone x6  
  58  5:08  Queen  
  58  5:10  Drone x2  
  62  5:23  Roach x8  
  74  5:39  Glial Reconstitution  
  74  5:43  Roach x3  
  78  6:16  Roach x2  
  78  6:17  Drone  
  62  6:29  Drone  
  62  6:30  Drone x11  
  68  6:37  Drone  
  68  6:38  Queen  
  61  6:46  Spore Crawler  
  55  6:47  Spore Crawler  
  55  6:48  Spore Crawler  
  55  6:49  Queen, Spore Crawler  
  55  6:50  Spore Crawler  
  55  6:51  Spore Crawler x2  
  46  7:44  Drone x12  
  55  7:54  Drone  
  55  7:55  Drone  
  54  8:11  Drone x4  
  58  8:24  Drone x5  
  63  8:38  Spore Crawler x2  
  63  8:41  Spore Crawler  
  56  9:01  Zergling x2  
  56  9:02  Zergling x22  
  68  9:05  Zerg Melee Weapons Level 2  
  68  9:29  Spore Crawler  
  67  9:31  Zergling x2  
  67  9:32  Zergling x20  
  67  9:35  Drone x2  
  80  9:54  Hatchery, Lair  
  79  10:06  Overlord x5  
  78  10:22  Hatchery  
  72  10:35  Zergling x14  
  42  10:53  Drone  
  42  10:54  Drone x5  
  48  11:01  Spore Crawler  
  48  11:02  Spore Crawler  
  48  11:03  Spore Crawler  
  45  11:04  Spore Crawler  
  44  11:19  Zergling x2  
  44  11:20  Zergling x14  
  52  11:29  Zergling x2  
  52  11:30  Zergling x8  
  57  11:39  Zergling x10  
  61  11:41  Zergling x2  
  62  11:54  Zergling x12  
  68  12:02  Zergling x2  
  68  12:03  Zergling x8  
  60  12:24  Zergling x14  
  60  12:25  Zergling x6  
  60  12:26  Zergling x2  
  45  12:41  Zergling x8  
Show
View Real Time Build Order
Export as new Build Order

momo Protoss - Winner!

Build Orders:  

Get SALT Encoding   

  12  0:01  Probe (Chrono Boost)  
  13  0:11  Probe (Chrono Boost)  
  14  0:22  Probe (Chrono Boost)  
  14  0:23  Pylon  
  15  0:41  Probe (Chrono Boost)  
  16  0:52  Probe (Chrono Boost)  
  17  1:05  Probe (Chrono Boost)  
  18  1:15  Probe (Chrono Boost)  
  19  1:26  Probe (Chrono Boost)  
  19  1:30  Assimilator  
  19  1:31  Nexus  
  20  1:36  Gateway  
  20  1:38  Gateway  
  20  1:43  Probe (Chrono Boost)  
  21  1:54  Probe (Chrono Boost)  
  22  1:58  Forge  
  22  2:02  Pylon  
  22  2:13  Probe (Chrono Boost)  
  23  2:22  Assimilator  
  23  2:24  Probe (Chrono Boost)  
  24  2:34  Cybernetics Core, Probe (Chrono Boost)  
  25  2:39  Photon Cannon  
  25  2:44  Probe (Chrono Boost)  
  26  2:46  Probe (Chrono Boost)  
  27  2:54  Probe (Chrono Boost)  
  27  2:57  Probe (Chrono Boost)  
  29  2:58  Pylon  
  29  3:05  Probe (Chrono Boost)  
  30  3:07  Probe (Chrono Boost)  
  30  3:10  Warp Gate  
  31  3:15  Probe (Chrono Boost)  
  31  3:18  Probe (Chrono Boost)  
  33  3:20  Assimilator  
  33  3:22  Adept  
  33  3:23  Adept  
  33  3:24  Assimilator  
  37  3:29  Probe (Chrono Boost)  
  37  3:31  Probe (Chrono Boost)  
  39  3:40  Stargate  
  39  3:48  Stargate  
  39  3:53  Gateway  
  39  3:55  Gateway  
  39  3:58  Pylon  
  39  4:05  Probe (Chrono Boost)  
  39  4:06  Adept, Probe (Chrono Boost)  
  39  4:08  Adept  
  45  4:16  Probe x2 (Chrono Boost)  
  47  4:21  Oracle  
  47  4:27  Probe x2 (Chrono Boost)  
  47  4:30  Oracle  
  57  4:39  Probe x2 (Chrono Boost)  
  57  4:40  Adept  
  57  4:43  Adept  
  61  4:48  Pylon  
  61  4:52  Probe (Chrono Boost)  
  62  4:55  Pylon  
  62  5:02  Pylon  
  63  5:07  Oracle  
  63  5:08  Probe (Chrono Boost)  
  63  5:10  Oracle  
  71  5:22  Mothership Core (Chrono Boost)  
  71  5:26  Adept x2  
  75  5:33  Pylon  
  75  5:34  Pylon  
  75  5:37  Adept  
  75  5:38  Adept, Oracle  
  82  5:51  Oracle  
  85  6:16  Robotics Facility  
  69  6:34  Oracle  
  69  6:37  Oracle  
  70  6:43  Probe x2 (Chrono Boost)  
  75  6:49  Photon Cannon x2  
  75  6:52  Photon Cannon  
  72  6:55  Protoss Ground Weapons Level 1  
  72  6:58  Immortal  
  72  7:03  Pylon  
  72  7:05  Stalker x2  
  72  7:07  Adept, Pylon  
  81  7:17  Adept  
  78  7:53  Immortal  
  78  8:00  Stalker x2  
  86  8:07  Gateway  
  86  8:09  Gateway x2  
  86  8:24  Stalker  
  86  8:25  Stalker  
  90  8:30  Gateway  
  90  8:32  Gateway, Immortal  
  90  8:35  Gateway  
  90  8:38  Gateway  
  94  8:46  Pylon  
  94  8:47  Pylon  
  92  9:07  Pylon  
  92  9:08  Nexus  
  92  9:11  Pylon  
  92  9:18  Pylon  
  92  9:20  Immortal  
  92  9:24  Pylon  
  92  9:25  Pylon  
  92  9:27  Pylon  
  87  9:58  Stalker x2  
  87  9:59  Stalker  
  93  10:05  Stalker x3  
  99  10:10  Nexus  
  99  10:11  Pylon  
  99  10:13  Pylon  
  99  10:15  Pylon  
  99  10:24  Adept  
  99  10:25  Adept x3  
  84  10:44  Assimilator, Probe (Chrono Boost)  
  84  10:46  Probe (Chrono Boost)  
  84  10:48  Assimilator  
  86  10:51  Sentry x5, Pylon  
  86  10:52  Sentry  
  86  10:55  Probe (Chrono Boost)  
  100  10:58  Probe (Chrono Boost)  
  100  11:05  Twilight Council  
  100  11:06  Protoss Ground Armor Level 1  
  100  11:07  Sentry x2  
  100  11:11  Warp Prism  
  106  11:27  Sentry x4  
  106  11:28  Sentry x2  
  118  11:45  Probe (Chrono Boost)  
  120  11:47  Probe (Chrono Boost)  
  120  11:49  Probe (Chrono Boost)  
  120  11:53  Adept  
  120  11:54  Adept x3  
  125  11:55  Sentry x4  
  125  11:56  Probe (Chrono Boost)  
  125  11:59  Probe x2 (Chrono Boost)  
  130  12:26  Adept x2  
  130  12:28  Adept x5  
  130  12:29  Sentry  
  134  12:35  Colossus  
  134  12:36  Colossus  
  134  12:50  Adept x2  
  134  12:51  Adept x5  
  148  13:06  Pylon  
  148  13:08  Pylon  
  148  13:15  Adept x2  
  148  13:16  Adept  
  148  13:17  Adept x3  
Tags
 
Add a new tag
Caveats
  • Supply blocks, unpowered buildings, or Contaminate may cause inaccurate times.
  • Supply counts are checked every 10 seconds.